 Dungeon Crawl Stone Soup version 0.18.1-6-gd335043 (webtiles) character file.

402 kae the Poker (level 6, -8/56 HPs)
             Began as a Naga Fighter on May 16, 2016.
             Mangled by an ogre
             ... wielding a +0 giant club
              (14 damage)
             ... on level 4 of the Dungeon.
             The game lasted 00:04:49 (2874 turns).

kae the Poker (Naga Fighter)                        Turns: 2874, Time: 00:04:49

Health: -8/56      AC:  7    Str: 17 (18) XL:     6   Next: 85%
Magic:  6/6        EV: 10    Int:  8      God:
Gold:   232        SH:  9    Dex: 18      Spells: 0 memorised, 5 levels left

rFire  + . .     SeeInvis +     a - +0 trident
rCold  . . .     Gourm    .     b - +0 scale mail
rNeg   . . .     Faith    .     c - +0 shield
rPois  +         Spirit   .     (no helmet)
rElec  .         Dismiss  .     i - +1 cloak
rCorr  .         Reflect  .     (no gloves)
SustAt .         Harm     .     (no barding)
MR     +....                    (no amulet)
Stlth  +.........               (no ring)
                                k - ring of protection from fire

@: agile, short of breath, very slow, somewhat resistant to hostile
enchantments, very unstealthy
A: see invisible, deformed body, deterioration 1, magic resistance 1, poison
resistance, slowness 2, slow metabolism 1, spit poison 2, MP-powered wands, AC
+2
a: Spit Poison


You were on level 4 of the Dungeon.
You were very hungry.

You visited 1 branch of the dungeon, and saw 4 of its levels.

You collected 232 gold pieces.

Inventory:

Hand Weapons
 a - a +0 trident (weapon)
Armour
 b - a +0 scale mail (worn)
 c - a +0 shield (worn)
 i - a +1 cloak (worn)
Jewellery
 k - a ring of protection from fire (left hand)
Scrolls
 h - a scroll of fog
 p - a scroll of remove curse
 t - a scroll of magic mapping
Potions
 g - a potion of magic
 j - 2 potions of agility
 l - 2 potions of brilliance {unknown}
 n - a potion of degeneration {unknown}
 r - 2 potions of haste
 w - a potion of flight {unknown}
Comestibles
 f - 3 bread rations
 o - 7 fruits
 v - a meat ration


   Skills:
 - Level 3.0 Fighting
 + Level 7.1 Polearms
 - Level 2.4 Armour
 - Level 2.4 Shields


You had 5 spell levels left.
You didn't know any spells.

Dungeon Overview and Level Annotations

Branches:
Dungeon (4/15)
 Temple: D:4-7

Altars:
Gozag
Pakellas


Innate Abilities, Weirdness & Mutations

You cannot wear boots.
Your serpentine skin is tough (AC +2).
You have supernaturally acute eyesight.
Armour fits poorly on your strangely shaped body.
Your system is resistant to poisons.
You cover ground very slowly.
You have a slow metabolism.
You can spit poison.
Your body sometimes deteriorates upon taking damage.
You are resistant to hostile enchantments.
You expend magic power (3 MP) to strengthen your wands.


Message History

Ouch! That really hurt!
* * * LOW HITPOINT WARNING * * *
Your body deteriorates!
You feel weakened.
Unknown command.
Read which item? (? for menu, Esc to quit)
Okay, then.
Drink which item? (? for menu, Esc to quit)
Okay, then.
You are too injured to fight recklessly!
You are too injured to fight recklessly!
Firing (i - inventory): No suitable missiles.
Press: ? - help, Shift-Dir - straight line, f/p - ogre
Aim: an ogre, wielding a giant club (moderately wounded, poisoned)
Okay, then.
You puncture the ogre!
The ogre is heavily wounded.
You hit the ogre.
The ogre is severely wounded.
The ogre hits you with a giant club!
You die...

..+ §≈≈#...†.....# ..# §§
#.........# ..# #.........#
##### #.........# ....####
##########.....# ........
#....#...# ........ #....#...+
........ #....#...# ........
#....@...# ........ #....#O..#
........ #....#...# ........
#...###..#
############...#########
#.......#..............#
#.......#..............#........
#.......#..............#........
#.......#..............#.......


You could see an ogre.

Vanquished Creatures
  A scorpion (D:4)
  2 orc wizards (D:4)
  An orc priest (D:4)
  A centaur skeleton (D:4)
  Crazy Yiuf (D:2)
  An iguana (D:4)
  2 worker ants
  3 gnolls (D:4)
  4 adders
  An ooze (D:2)
  An adder skeleton (D:4)
  A worm (D:3)
  6 orcs
  9 bats
  3 giant cockroaches (D:3)
  7 goblins
  7 hobgoblins
  6 kobolds
  2 quokkas
  A ball python (D:3)
  2 giant gecko skeletons (D:4)
  5 giant newts
  4 rats
71 creatures vanquished.

Notes
Turn   | Place    | Note
--------------------------------------------------------------
     0 | D:1      | kae the Naga Fighter began the quest for the Orb.
     0 | D:1      | Reached XP level 1. HP: 21/21 MP: 1/1
   217 | D:1      | Reached XP level 2. HP: 28/28 MP: 2/2
   394 | D:1      | Reached skill level 3 in Polearms
   541 | D:2      | You fall through a shaft for 2 floors!
   579 | D:2      | Reached XP level 3. HP: 32/34 MP: 3/3
   651 | D:2      | Noticed Crazy Yiuf
   656 | D:2      | Killed Crazy Yiuf
   656 | D:2      | Reached skill level 4 in Polearms
   656 | D:2      | Reached XP level 4. HP: 42/42 MP: 4/4
  1371 | D:3      | Reached skill level 5 in Polearms
  1371 | D:3      | Reached XP level 5. HP: 49/49 MP: 5/5
  1473 | D:3      | Found an opulent altar of Gozag.
  2220 | D:4      | Reached skill level 6 in Polearms
  2220 | D:4      | Reached XP level 6. HP: 37/56 MP: 6/6
  2428 | D:4      | Found an oddly glowing altar of Pakellas.
  2580 | D:4      | Reached skill level 7 in Polearms
  2583 | D:4      | Gained mutation: You are resistant to hostile enchantments. [potion of mutation]
  2583 | D:4      | Gained mutation: You expend magic power (3 MP) to strengthen your wands. [potion of mutation]
  2583 | D:4      | Gained mutation: Your body sometimes deteriorates upon taking damage. [potion of mutation]
  2874 | D:4      | Mangled by an ogre

Skill      XL: |  1  2  3  4  5  6 |
---------------+-------------------+-----
Polearms       | 3 4 5 6 7 |  7.1
Fighting       | |  3.0
Armour         | |  2.4
Shields        | |  2.4

Action                   |  1- 3 |  4- 6 || total
-------------------------+-------+-------++-------
Melee: Trident           |    95 |   196 ||   291
 Abil: Spit Poison       |     2 |    21 ||    23
  Use: Scroll            |     1 |     9 ||    10
       Potion            |     1 |     3 ||     4
  Eat: Chunk             |       |     5 ||     5
Armor: Scale mail        |    31 |   101 ||   132
Dodge: Dodged            |    15 |    35 ||    50
Block: Shield            |    39 |    76 ||   115
